 Dungeon Crawl Stone Soup version 0.16.1-16-gc44b35d (webtiles) character file.

24805 EvilTwin the Blocker (level 12, -9/106 HPs)
             Began as a Minotaur Fighter on Apr 17, 2015.
             Was a Priest of Cheibriados.
             Killed from afar by Frances (41 damage)
             ... with a shard of ice
             ... on level 14 of the Dungeon.
             The game lasted 00:57:04 (11733 turns).

EvilTwin the Blocker (Minotaur Fighter)            Turns: 11733, Time: 00:57:04

Health: -9/106     AC: 11    Str: 39    XL:     12   Next: 83%
Magic:  22/22      EV: 18    Int: 13    God:    Cheibriados [***...]
Gold:   1843       SH: 16    Dex: 17    Spells: 0 memorised, 11 levels left

rFire  . . .     SeeInvis +     D - +9 flail (holy)
rCold  . . .     Clarity  .     m - +1 ring mail {MR+}
rNeg   . . .     SustAb   .     c - +1 shield
rPois  +         Gourm    .     (helmet restricted)
rElec  .         Spirit   .     f - +2 cloak {rPois}
rCorr  .         Warding  .     (no gloves)
rMut   +         Stasis   .     (no boots)
MR     +....                    E - amulet of resist mutation
Stlth  +.........               q - +4 ring of strength
                                g - ring of see invisible

@: very slow, somewhat resistant to hostile enchantments, very unstealthy
A: retaliatory headbutt, horns 2, mutation resistance 1
a: Bend Time, Temporal Distortion, Renounce Religion


You were on level 14 of the Dungeon.
You worshipped Cheibriados.
Cheibriados was most pleased with you.
You were not hungry.

You visited 1 branch of the dungeon, and saw 14 of its levels.
You also visited: Ossuary.

You collected 2214 gold pieces.
You spent 371 gold pieces at shops.

Inventory:

Hand weapons
 D - a +9 flail of holy wrath (weapon)
Armour
 c - a +1 shield (worn)
 f - a +2 cloak of poison resistance (worn)
 m - a +1 ring mail of magic resistance (worn)
Jewellery
 a - an uncursed ring of protection from fire
 g - a ring of see invisible (left hand)
 l - an uncursed ring of ice
 n - an uncursed ring of magical power
 o - an uncursed ring of protection from fire
 q - a +4 ring of strength (right hand)
 x - an uncursed ring of wizardry {unknown}
 E - an amulet of resist mutation (around neck)
 G - a +5 ring of protection
 M - an uncursed ring of protection from magic
 U - the ring of Donet {MR+ Dex+2}
   (You found it on level 12 of the Dungeon)

   [ring of protection from magic]

   It affects your dexterity (+2).
   It affects your resistance to hostile enchantments.
Magical devices
 b - a wand of fire (4)
 e - a wand of slowing (24)
 h - a wand of draining (5)
 p - a wand of fire (4)
 t - a wand of disintegration (8)
 v - a wand of frost (24)
 z - a wand of fireball (8)
 C - a wand of frost (9)
 H - a wand of flame (19)
 I - a wand of disintegration (3)
 K - a wand of confusion (18)
 R - a wand of teleportation (6)
 T - a wand of fireball (4)
Scrolls
 i - a scroll of enchant armour
 u - a scroll of identify
 w - 4 scrolls of teleportation
 y - 2 scrolls of remove curse
 A - 3 scrolls of magic mapping
 J - 2 scrolls of fog
 N - a scroll of amnesia
 O - a scroll of recharging
 P - 2 scrolls of blinking
Potions
 k - 9 potions of curing
 r - 2 potions of brilliance
 s - 2 potions of restore abilities
 B - 4 potions of agility
 F - 2 potions of might
 L - 3 potions of cancellation
 Q - a potion of magic
 V - a potion of cure mutation {unknown}
 Z - a potion of berserk rage {unknown}
Comestibles
 d - 9 bread rations
 j - 5 meat rations
 W - 9 slices of pizza


   Skills:
 + Level 9.7 Fighting
   Level 5.0(9.0) Axes
 + Level 11.3(11.7) Maces & Flails
 + Level 9.0 Armour
 + Level 9.9 Dodging
 - Level 1.3 Stealth
 + Level 11.6 Shields
 * Level 10.1 Invocations


You had 11 spell levels left.
You didn't know any spells.

Dungeon Overview and Level Annotations

Branches:
Dungeon (14/15)            Temple (0/1) D:5            Lair (0/8) D:8
    Orc (0/4) D:10         Vaults (0/5) D:13

Altars:
Ashenzari
Cheibriados
Dithmenos
Elyvilon
Fedhas
Gozag
Makhleb
Okawaru
Qazlal
Sif Muna
Trog
Vehumet
Yredelemnul
Zin
Beogh
Lugonu

Shops:
D:5 *   D:10 *

Annotations:
D:6 1 runed door
D:8 exclusion: statue
D:14 Frances


Innate Abilities, Weirdness & Mutations

You reflexively headbutt those who attack you in melee.
You have a pair of horns on your head.
You are somewhat resistant to further mutation.


Message History

Cheibriados reduces the support of your attributes as your movement quickens.
Found a halberd.
N - a scroll of amnesia A wasp comes into view.
The wasp stings you.
You hit the wasp. You headbutt the wasp!
You kill the wasp!
Cheibriados appreciates the change of pace.
Frances, Duchess of Pandemonium comes into view.
She is wielding a vampiric trident.
Frances says, "Would you challenge me, knowing my power?"
Found 3 tomahawks.
Frances screams a word of power!
The iron shot hits you!
* * * LOW HITPOINT WARNING * * *
Frances mutters in a terrible tongue.
You sock Frances! Your headbutt misses Frances.
Frances is lightly wounded.
Frances chants phrases taken from a devil's mouth.
The shard of ice hits you!
You die...

#.....# . . #.....#
.... #.....+ .....
#.....# ......
#)....##### ..(....
#.........####+#.......
#......................
#....#####.....4...###
#....# #.....@.4.#
#....# #......@..#
......# #.........#
......# #.........#
####### #.........#
#.........# ###########


You could see Frances and 2 orange demons.

Vanquished Creatures
  Josephine (D:10)
  A yaktaur captain (D:13)
  3 centaur warriors
  Erica (D:13)
  An unseen horror (D:13)
  Erolcha (D:13)
  6 hill giants
  Pikel (D:6)
  4 ugly things
  A cyclops (D:14)
  Psyche (D:13)
  2 yaktaurs (D:13)
  5 kobold demonologists
  The ghost of Pancake the Covered, an average MiFi (D:4)
  A red devil (D:11)
  2 trolls
  A basilisk (D:12)
  4 wraiths
  5 yaks (D:13)
  A wyvern (D:13)
  Eustachio (D:9)
  A deep elf fighter (D:13)
  A mottled dragon (D:11)
  2 vampire mosquitoes (D:13)
  Edmund (D:5)
  A water moccasin (D:9)
  4 ice beasts
  A sky beast (D:6)
  4 eyes of draining
  2 black bears
  16 orc warriors
  2 phantoms (D:9)
  3 ogres
  A wasp (D:14)
  6 centaurs
  Blork the orc (D:6)
  6 giant frogs
  7 water moccasin zombies (Ossuary)
  5 big kobolds
  5 scorpions
  A water moccasin skeleton (D:9)
  4 jellies
  14 killer bees
  10 wights
  6 crimson imps
  A human zombie (D:6)
  2 goliath beetles
  2 iron imps (D:9)
  4 centaur skeletons
  10 orc priests
  2 giant frog zombies
  3 giant frog skeletons
  15 orc wizards
  3 quasits (D:9)
  6 worker ants
  6 hounds
  Natasha (thrice) (D:5)
  4 iguanas
  4 big kobold zombies (Ossuary)
  3 mummies
  A hound skeleton (D:5)
  2 worker ant zombies
  14 adders
  17 gnolls
  A river rat (D:9)
  6 shadow imps
  A giant mite (D:3)
  4 worms
  6 adder zombies
  An adder skeleton (D:7)
  7 giant geckos
  An ooze (D:3)
  69 orcs
  2 ball pythons
  7 giant cockroaches
  13 goblins
  13 hobgoblins
  4 jackals
  5 quokkas
  8 bats
  A giant gecko skeleton (D:5)
  2 giant newts
  A giant spore (D:10)
  4 hobgoblin zombies (Ossuary)
  A jackal skeleton (D:4)
  A jackal zombie (D:6)
  34 kobolds
  4 kobold zombies (Ossuary)
  6 orc zombies
  A quokka skeleton (D:4)
  18 rats
  2 ballistomycetes (D:10)
  6 plants (D:11)
479 creatures vanquished.

Vanquished Creatures (others)
  3 slaves (D:6)
  2 iguanas
  2 worms (D:6)
  A gnoll (D:6)
  A kobold (D:10)
9 creatures vanquished.

Grand Total: 488 creatures vanquished

Notes
Turn   | Place    | Note
--------------------------------------------------------------
     0 | D:1      | EvilTwin, the Minotaur Fighter, began the quest for the Orb.
     0 | D:1      | Reached XP level 1. HP: 19/19 MP: 1/1
   272 | D:1      | Reached skill level 4 in Armour
   272 | D:1      | Reached XP level 2. HP: 22/27 MP: 1/1
   936 | D:2      | Reached XP level 3. HP: 18/33 MP: 2/2
  1157 | D:2      | Found a shattered altar of Ashenzari.
  1311 | D:2      | Found an opulent altar of Gozag.
  1312 | D:2      | Found a snail-covered altar of Cheibriados.
  1425 | D:2      | Found a deep blue altar of Sif Muna.
  1427 | D:2      | Found a burning altar of Makhleb.
  1575 | D:3      | Found a white marble altar of Elyvilon.
  1604 | D:3      | Reached XP level 4. HP: 37/40 MP: 2/2
  1638 | D:2      | Became a worshipper of Cheibriados the Contemplative
  1988 | D:3      | Reached skill level 5 in Armour
  2027 | D:3      | Reached skill level 1 in Dodging
  2027 | D:3      | Reached XP level 5. HP: 32/47 MP: 2/2
  2269 | D:3      | Found an iron altar of Okawaru.
  2273 | D:3      | Acquired Cheibriados' first power
  2774 | D:4      | Noticed Pancake's ghost (average MiFi)
  3115 | D:4      | Killed Pancake's ghost
  3115 | D:4      | Reached skill level 5 in Fighting
  3115 | D:4      | Reached skill level 1 in Stealth
  3115 | D:4      | Reached skill level 5 in Shields
  3115 | D:4      | Reached XP level 6. HP: 26/56 MP: 3/3
  3276 | D:4      | Reached XP level 7. HP: 54/61 MP: 3/3
  3334 | D:4      | Found a shadowy altar of Dithmenos.
  3364 | D:4      | Found a shadowy altar of Dithmenos.
  3382 | D:4      | Found a glowing silver altar of Zin.
  3527 | D:5      | Entered Level 5 of the Dungeon
  3607 | D:5      | Found an opulent altar of Gozag.
  3637 | D:5      | Noticed Edmund
  3650 | D:5      | Killed Edmund
  3650 | D:5      | Reached skill level 6 in Armour
  3650 | D:5      | Reached skill level 1 in Invocations
  3811 | D:5      | Noticed Natasha
  3814 | D:5      | Killed Natasha
  3823 | D:5      | Acquired Cheibriados' second power
  3824 | D:5      | Found a bloodstained altar of Trog.
  3830 | D:5      | Reached skill level 5 in Axes
  3835 | D:5      | Reached skill level 1 in Maces & Flails
  3835 | D:5      | Reached XP level 8. HP: 59/69 MP: 1/5
  3938 | D:5      | Noticed Natasha
  3943 | D:5      | Killed Natasha
  3962 | D:5      | Found a glowing silver altar of Zin.
  3981 | D:5      | Noticed Natasha
  3987 | D:5      | Killed Natasha
  4004 | D:5      | Found Uqimm's Assorted Antiques.
  4189 | D:5      | Found a staircase to the Ecumenical Temple.
  4501 | D:6      | Found a sand-covered staircase.
  4507 | Ossuary  | Entered an ossuary
  4516 | Ossuary  | Acquired Cheibriados' third power
  4579 | Ossuary  | Reached skill level 5 in Dodging
  4765 | D:6      | Noticed Blork the orc
  4768 | D:6      | Noticed Pikel
  4776 | D:6      | Killed Blork the orc
  4776 | D:6      | Reached XP level 9. HP: 66/75 MP: 10/10
  4782 | D:6      | Acquired Cheibriados' fourth power
  4785 | D:6      | HP: 3/75 [Pikel/whip of electrocution (14)]
  4786 | D:6      | Killed Pikel
  4786 | D:6      | Reached skill level 7 in Armour
  5219 | D:6      | Found a runed door.
  5223 | D:6      | Found a basalt altar of Yredelemnul.
  5495 | D:7      | Reached skill level 5 in Maces & Flails
  5642 | D:7      | Gained mutation: You are somewhat resistant to further mutation. [potion of beneficial mutation]
  6035 | D:7      | Reached skill level 5 in Invocations
  6357 | D:8      | Found a blossoming altar of Fedhas.
  6535 | D:8      | Found a staircase to the Lair.
  6584 | D:8      | Found a radiant altar of Vehumet.
  6721 | D:5      | Bought a shiny ring mail for 108 gold pieces
  6721 | D:5      | Bought a runed ruby ring for 135 gold pieces
  6721 | D:5      | Bought a scroll of identify for 54 gold pieces
  6751 | D:5      | You fall through a shaft!
  6819 | D:8      | Found a stormy altar of Qazlal.
  6934 | D:9      | Reached XP level 10. HP: 78/86 MP: 13/13
  7344 | D:9      | Noticed Eustachio
  7377 | D:9      | Reached skill level 8 in Shields
  7854 | D:9      | Killed Eustachio
  7899 | D:10     | Entered Level 10 of the Dungeon
  7899 | D:10     | Noticed a hill giant
  7907 | D:9      | Killed a hill giant
  7930 | D:10     | Found a staircase to the Orcish Mines.
  8046 | D:10     | Found Tharoipt's Assorted Antiques.
  8068 | D:10     | Bought a scroll labeled SCHECR IFEUNG for 25 gold pieces
  8068 | D:10     | Bought a scroll labeled OFENOTHOUN for 25 gold pieces
  8284 | D:5      | Bought a viscous orange potion for 24 gold pieces
  8484 | D:10     | Noticed Josephine
  8489 | D:10     | Killed Josephine
  8489 | D:10     | Reached skill level 9 in Shields
  8580 | D:10     | Reached XP level 11. HP: 84/94 MP: 17/17
  9063 | D:11     | Noticed a hill giant
  9068 | D:11     | Killed a hill giant
  9204 | D:11     | Found a corrupted altar of Lugonu.
  9445 | D:12     | Noticed a hill giant
  9454 | D:12     | Killed a hill giant
  9499 | D:12     | Got a smoking iron ring
  9515 | D:12     | Reached skill level 10 in Shields
  9524 | D:12     | Identified the ring of Donet {MR+ Dex+2} (You found it on level 12 of the Dungeon)
  9730 | D:12     | Found a roughly hewn altar of Beogh.
  9894 | D:12     | Noticed a hill giant
  9899 | D:12     | Killed a hill giant
  9899 | D:12     | Reached skill level 10 in Maces & Flails
 10148 | D:13     | Noticed a hill giant
 10158 | D:13     | Killed a hill giant
 10158 | D:13     | Reached XP level 12. HP: 96/103 MP: 20/20
 10201 | D:13     | Noticed a hill giant
 10209 | D:13     | Killed a hill giant
 10269 | D:13     | Noticed a yaktaur captain
 10270 | D:13     | Found a gate to the Vaults.
 10286 | D:13     | Killed a yaktaur captain
 10412 | D:13     | Noticed Erica
 10412 | D:13     | Noticed Erolcha
 10422 | D:13     | Killed Erica
 10422 | D:13     | Reached skill level 11 in Shields
 10431 | D:13     | Killed Erolcha
 10877 | D:13     | Noticed a centaur warrior
 10887 | D:13     | Killed a centaur warrior
 10897 | D:13     | Noticed an unseen horror
 10905 | D:13     | Killed an unseen horror
 11081 | D:13     | Noticed Psyche
 11087 | D:13     | Killed Psyche
 11133 | D:13     | Reached skill level 10 in Invocations
 11509 | D:14     | Noticed a centaur warrior
 11514 | D:14     | Killed a centaur warrior
 11518 | D:14     | Noticed a centaur warrior
 11523 | D:14     | Killed a centaur warrior
 11685 | D:14     | Found a deep blue altar of Sif Muna.
 11730 | D:14     | Noticed Frances
 11733 | D:14     | Killed from afar by Frances

Action                   |  1- 3 |  4- 6 |  7- 9 | 10-12 || total
-------------------------+-------+-------+-------+-------++-------
Melee: War axe           |    79 |   106 |    44 |       ||   229
       Spear             |       |     1 |       |       ||     1
       Flail             |       |       |   266 |   479 ||   745
Invok: Slouch            |       |       |     1 |    15 ||    16
       Temporal Distorti |       |       |       |     1 ||     1
Evoke: Wand              |       |       |     2 |     1 ||     3
  Use: Scroll            |       |     6 |    17 |     9 ||    32
       Potion            |       |     1 |     2 |     2 ||     5
 Stab: Distracted        |       |       |     1 |     1 ||     2
       Sleeping          |       |       |       |     3 ||     3
  Eat: Beef jerky        |     1 |       |     1 |       ||     2
       Chunk             |     1 |       |     1 |       ||     2
       Fruit             |       |     3 |       |       ||     3
       Meat ration       |       |     1 |       |     1 ||     2
       Royal jelly       |       |       |     1 |     1 ||     2
       Pizza             |       |       |       |     2 ||     2
       Bread ration      |       |       |       |     1 ||     1
